 Dungeon Crawl Stone Soup version 0.31-a0-200-gbc41564c69 (webtiles) character file.

Game seed: 7035484431472990569

100 qw the Shooter (level 4, -1/25 HPs)
             Began as a Deep Elf Hunter on June 25, 2023.
             Slain by a hobgoblin (2 damage)
             ... on level 3 of the Dungeon.
             The game lasted 00:00:51 (2196 turns).

qw the Shooter (Deep Elf Hunter)                    Turns: 2196, Time: 00:00:51

Health: -1/25      AC: 10    Str:  8 (10) XL:     4   Next: 46%
Magic:  6/6        EV:  8    Int: 11 (14) God:
Gold:   111        SH:  0    Dex: 16 (18) Spells: 3/3 levels left

rFire   . . .        Y - +0 shortbow (freeze)
rCold   . . .        (shield currently unavailable)
rNeg    . . .        k - +2 scale mail {rPois}
rPois   +            a - +0 helmet
rElec   .            (no cloak)
rCorr   .            d - +0 pair of gloves
SInv    .            (no boots)
Will    .....        (no amulet) Stlth
                     (no ring)
HPRegen 0.24/turn    (no ring)
MPRegen 0.10/turn

%: no passive effects
@: no status effects
A: no striking features
a: no special abilities


You were on level 3 of the Dungeon.
You visited 1 branch of the dungeon, and saw 4 of its levels.

You collected 111 gold pieces.


   Skills:
 - Level 1.5 Fighting
 + Level 7.5 Ranged Weapons
 - Level 1.0 Armour
 - Level 2.4 Dodging
 - Level 1.2 Stealth


You had 3 spell levels left.
You didn't know any spells.
Your spell library was empty.

Inventory:

Hand Weapons
 Y - a +0 shortbow of freezing (weapon)
Armour
 a - a +0 helmet (worn)
 d - a +0 pair of gloves (worn)
 k - a +2 scale mail of poison resistance (worn)
Potions
 e - a potion of brilliance {unknown}
 g - a potion of resistance {unknown}
 l - a potion of curing

Dungeon Overview and Level Annotations

Branches:
Dungeon (4/15)
 Temple: D:4-7

Altars:
Hepliaklqana
Xom

Shops:
D:1 *:?   D:2 ([


Message History

HP restored.
Partly explored, can't reach some places.
(D) Dungeon
Where to? (* - list waypoints, Enter - D:4, ? - help)
What level of the Dungeon? (default 1, ? - help)
You see here a scroll of fear.
There is a stone staircase leading down here.
You climb downwards.
The iguana hisses angrily.
The orc shouts!
The ball python hisses angrily. x2
The iguana hisses angrily.
The orc shouts!
The ball python is engulfed in noxious fumes.
The ball python appears confused.
Found a book of Debilitation.
Found a shimmering altar of Xom.
There is a stone staircase leading up here.
There are monsters nearby!
You shoot an arrow. The arrow hits the orc.
The arrow freezes the orc.
You kill the orc!
You hear a splash. x2
You shoot an arrow.
The arrow hits the iguana but does no damage.
You shoot an arrow. The arrow hits the iguana.
The iguana seems to slow down.
The arrow freezes the iguana.
The iguana is heavily wounded.
The iguana is no longer moving slowly.
The hobgoblin hits you. The iguana bites you.
The ball python is engulfed in noxious fumes.
The ball python appears confused.
2193 ||| STAIRDANCE The hobgoblin hits you but does no damage.
The iguana bites you.
You climb upwards.
There is a stone staircase leading down here.
You shoot an arrow. The arrow hits the iguana!
The iguana seems to slow down.
The arrow freezes the iguana.
The iguana is almost dead.
The iguana is no longer moving slowly.
The hobgoblin barely misses you.
You shoot an arrow. The arrow barely misses the iguana.
The iguana bites you. The hobgoblin closely misses you. The iguana bites you!
The hobgoblin hits you.
You die...

### ..# #.# ############
####### #.#####..........#
#######
............####.####
#######
#.##...........?....#
#......
#....######.####.##.#
#.##### ##..## #.# #l##.#
#.##### #..# #.# #@##.#
#.##### #..# ###.# #g##.#
#.###.. #..# #...# #.##.###
#)###.# #..# #.### #......#
#.###.# #..# #.# ####.#.#
#.###.# ##..# #.#
#.#.#####.###.# ....# ###.#
#.........###.# ##.##
#...###########.#########.#
#.# #...........# #.#
#........


You could see an iguana and a hobgoblin.

Vanquished Creatures
  3 adders
  An ufetubus (D:3)
  2 worms
  2 dart slugs (D:1)
  3 orcs
  3 endoplasms (D:1)
  A giant cockroach (D:1)
  4 hobgoblins
  8 jackals
  5 kobolds
  3 quokkas
  3 ball pythons
  3 bats
  4 frilled lizards
  4 goblins
  2 rats
  A spectral orc (D:3)
52 creatures vanquished.

Notes
Turn   | Place    | Note
-------+----------+-------------------------------------------
     0 | D:1      | qw the Deep Elf Hunter began the quest for the Orb.
     0 | D:1      | Reached XP level 1. HP: 12/12 MP: 3/3
     0 | D:1      | 0 ||| qw: Version: 0.3-a-22-g0ed2b0b
     0 | D:1      | 0 ||| qw: Game counter: 5544
     0 | D:1      | 0 ||| qw: Melee chars always use a shield: true
     0 | D:1      | 0 ||| qw: God list: Okawaru
     0 | D:1      | 0 ||| qw: Allow faded altars: false
     0 | D:1      | 0 ||| qw: Do Orc after clearing Dungeon:15 true
     0 | D:1      | 0 ||| qw: Do second Lair branch before Depths: true
     0 | D:1      | 0 ||| qw: Lair rune preference: random
     0 | D:1      | 0 ||| qw: Goals: Normal
     0 | D:1      | 0 ||| PLANNING D:1-11
    44 | D:1      | Reached skill level 6 in Ranged Weapons
    44 | D:1      | Reached XP level 2. HP: 10/16 MP: 4/4
   106 | D:1      | Found Rer Came's Magic Scroll Shoppe.
   116 | D:1      | 116 ||| SHOPLISTING scroll of identify (28 gold, have 10).
   535 | D:1      | Found Jueqel's Assorted Antiques.
   538 | D:1      | Reached XP level 3. HP: 20/20 MP: 5/5
   548 | D:1      | 548 ||| SHOPLISTING cyan potion (22 gold, have 15).
   548 | D:1      | 548 ||| SHOPLISTING ruby ring (125 gold, have 15).
   548 | D:1      | 548 ||| SHOPLISTING sapphire potion (22 gold, have 15).
   548 | D:1      | 548 ||| SHOPLISTING scroll labelled IWNUOMO WIJOKA (25
                  | gold, have 15).
   548 | D:1      | 548 ||| SHOPLISTING scroll labelled WANNEHOXZA (25 gold,
                  | have 15).
   626 | D:1      | Found Deuw's Book Shoppe.
   856 | D:1      | 856 ||| UPGRADING to +0 ring mail.
   866 | D:1      | 866 ||| DROPPING +0 leather armour.
   867 | D:1      | 867 ||| UPGRADING to +2 scale mail of poison resistance.
   877 | D:1      | 877 ||| DROPPING +0 ring mail.
   878 | D:1      | 878 ||| READING scroll labelled PAELAPT IWKE.
   879 | D:1      | 879 ||| READING scroll labelled WANNEHOXZA.
   882 | D:1      | 882 ||| READING scroll labelled FYDORONNON.
   883 | D:1      | 883 ||| READING scroll labelled MICHEE GEUNLIL.
   884 | D:1      | 884 ||| READING 3 scrolls labelled DOCUNAT NUESS.
   885 | D:1      | 885 ||| READING 2 scrolls of brand weapon.
   885 | D:1      | 885 ||| BRANDING +0 shortbow of freezing.
   886 | D:1      | 886 ||| READING scroll of brand weapon.
   886 | D:1      | 886 ||| BRANDING +0 shortbow of flaming.
   887 | D:1      | 887 ||| DROPPING scroll of butterflies.
  1004 | D:2      | Found Ymacror's Armour Emporium.
  1012 | D:2      | 1012 ||| SHOPLISTING +0 helmet (63 gold, have 15).
  1012 | D:2      | 1012 ||| SHOPLISTING +2 scale mail of cold resistance (294
                  | gold, have 15).
  1012 | D:2      | 1012 ||| SHOPLISTING +5 acid dragon scales "Istreblif"
                  | {Will+ Regen+ rCorr Str+3} (1174 gold, have 15).
  1173 | D:2      | Found Nawn's Antique Weapon Boutique.
  1215 | D:2      | Reached skill level 7 in Ranged Weapons
  1288 | D:2      | 1288 ||| READING scroll labelled IWNUOMO WIJOKA.
  1289 | D:2      | 1289 ||| READING scroll labelled CUDIXT LA LOOL.
  1316 | D:3      | 1316 ||| STAIRDANCE
  1393 | D:3      | 1393 ||| READING scroll of brand weapon.
  1393 | D:3      | 1393 ||| BRANDING +0 shortbow of chaos.
  1575 | D:3      | Found a hazy altar of Hepliaklqana.
  1742 | D:3      | Reached XP level 4. HP: 25/25 MP: 6/6
  2014 | D:3      | 2014 ||| UPGRADING to +0 helmet.
  2019 | D:3      | 2019 ||| UPGRADING to +0 pair of gloves.
  2024 | D:3      | 2024 ||| READING 2 scrolls labelled LAROAR SAIFYC.
  2025 | D:3      | 2025 ||| DRINKING 2 glowing puce potions.
  2026 | D:3      | 2026 ||| DRINKING 2 fizzy green potions.
  2027 | D:3      | 2027 ||| DRINKING 2 yellow potions.
  2028 | D:3      | 2028 ||| DROPPING potion of degeneration.
  2029 | D:3      | 2029 ||| DROPPING scroll of revelation.
  2030 | D:3      | 2030 ||| DROPPING potion of invisibility.
  2052 | D:4      | 2052 ||| STAIRDANCE
  2065 | D:3      | Reached skill level 1 in Armour
  2072 | D:3      | HP: 6/25 [ufetubus (2)]
  2073 | D:3      | 2073 ||| READING scroll of teleportation.
  2073 | D:3      | HP: 2/25 [ufetubus (4)]
  2189 | D:4      | Found a shimmering altar of Xom.
  2193 | D:4      | 2193 ||| STAIRDANCE
  2196 | D:3      | HP: 1/25 [iguana (9)]
  2196 | D:3      | Slain by a hobgoblin

Levels and vault maps discovered:
D:1:      dpeg_arrival_more_subterranean_lakeside_camping, layout_basic,
          serial_shops, shop, shop, nicolae_shop_tiny_waterfront
D:2:      layout_rooms, serial_shops, shop, nicolae_shop_getting_attention
D:3:      layout_loops_ring, nicolae_hepliaklqana_monster_ancestors
D:4:      layout_rooms, xom_confusion_cloud, nicolae_uskayaw_suspiria,
          minmay_fractal_squares_5

Skill      XL: |  1  2  3  4 |
---------------+-------------+-----
Ranged Weapons | 6 7 |  7.5
Armour         | 1 |  1.0
Fighting       | |  1.5
Dodging        | |  2.4
Stealth        | |  1.2

Action                     |  1- 3 |  4- 6 || total
---------------------------+-------+-------++-------
   Fire: Shortbow          |   128 |    45 ||   173
    Use: Scroll            |    10 |     2 ||    12
         Potion            |       |     3 ||     3
 Armour: Leather armour    |     6 |       ||     6
         Scale mail        |    18 |    60 ||    78
  Dodge: Dodged            |    35 |    68 ||   103

Table legend:
 A = Non-vault XP
 B = Vault XP
 C = Vault XP percentage of total XP
 D = Non-vault monster count
 E = Vault monster count
 F = Vault count percentage of total count
                 A         B        C        D         E       F
            +---------+---------+-------+---------+---------+-------
      Total |     100 |      43 |  30.1 |      45 |       7 |  13.5
            +---------+---------+-------+---------+---------+-------
        D:1 |      45 |       0 |   0.0 |      25 |       0 |   0.0
        D:2 |      23 |       0 |   0.0 |      11 |       0 |   0.0
        D:3 |      27 |      25 |  48.1 |       7 |       4 |  36.4
        D:4 |       5 |      18 |  78.3 |       2 |       3 |  60.0
            +---------+---------+-------+---------+---------+-------
